 Dungeon Crawl Stone Soup version 0.31.0-11-ge490571c62 (webtiles) character file.

Game seed: 9131502298910198566

57 qw the Shooter (level 3, 0/18 HPs)
             Began as a Spriggan Hunter on Feb 4, 2024.
             Slain by a kobold
             ... wielding a +0 short sword
              (3 damage)
             ... on level 2 of the Dungeon.
             The game lasted 00:00:04 (744 turns).

qw the Shooter (Spriggan Hunter)                     Turns: 744, Time: 00:00:04

Health: 0/18       AC:  2    Str:  7    XL:     3   Next: 73%
Magic:  4/4        EV: 10    Int: 10    God:
Gold:   81         SH:  0    Dex: 20    Spells: 2/2 levels left

rFire   . . .        a - +0 shortbow
rCold   . . .        (shield currently unavailable)
rNeg    . . .        c - +0 robe
rPois   .            (helmet restricted)
rElec   .            (no cloak)
rCorr   .            (gloves unavailable)
SInv    +            (boots unavailable)
Will    .....        (no amulet)
Stlth   ++           (no ring)
HPRegen 0.23/turn    (no ring)
MPRegen 0.09/turn

%: no passive effects
@: held, very quick
A: very small, no large weapons, unfitting armour, see invisible, speed 3
a: no special abilities


You were on level 2 of the Dungeon.
You visited 1 branch of the dungeon, and saw 2 of its levels.

You collected 81 gold pieces.


Innate Abilities, Weirdness & Mutations

You are very small and have problems with some larger weapons.
You are too small for most types of armour.
You have supernaturally acute eyesight. (SInv)
You cover ground extremely quickly. (Speed+++)


   Skills:
 - Level 1.5 Fighting
 + Level 4.9 Ranged Weapons
 - Level 4.0 Dodging
 - Level 1.5 Stealth


You had 2 spell levels left.
You didn't know any spells.
Your spell library was empty.

Inventory:

Hand Weapons
 a - a +0 shortbow (weapon)
Armour
 c - a +0 robe (worn)
Jewellery
 b - an amulet of faith
Scrolls
 d - a scroll of enchant weapon {unknown}
 e - a scroll of identify

Dungeon Overview and Level Annotations

Branches:
Dungeon (2/15)

Altars:


Message History

You shoot an arrow. The arrow hits the endoplasm.
The endoplasm quivers.
The endoplasm is moderately wounded.
You shoot an arrow. The arrow hits the endoplasm!
You kill the endoplasm!
A bat comes into view.
Enter note: You shoot an arrow.
The arrow hits the bat!
You kill the bat!
You see here a bat corpse.
A frilled lizard comes into view.
Found a ring mail.
You shoot an arrow. The arrow hits the frilled lizard.
You kill the frilled lizard!
A ribbon worm comes into view.
A kobold comes into view. It is wielding a +0 short sword.
You shoot an arrow. The kobold shouts!
The arrow hits the ribbon worm.
The ribbon worm is moderately wounded.
You shoot an arrow. The arrow hits the ribbon worm.
The ribbon worm is heavily wounded.
You shoot an arrow. The arrow hits the ribbon worm.
The ribbon worm is heavily wounded.
You shoot an arrow. The arrow hits the ribbon worm.
The ribbon worm is heavily wounded.
The kobold barely misses you.
The ribbon worm expels a string of sticky webbing.
The stream of webbing hits you but does no damage.
You are caught in a web!
The kobold hits you with a +0 short sword.
The kobold hits you with a +0 short sword.
The ribbon worm expels a string of sticky webbing.
The stream of webbing hits you but does no damage.
You are even more entangled.
The kobold barely misses you. The ribbon worm bites you!
The kobold hits you with a +0 short sword.
The ribbon worm bites you.
The kobold hits you with a +0 short sword.
You die...

####.###......#
#............# .
#.#.###......# ..
#.#.# #.####.# ...
#.#.# #.# #.# [...
#.#.# #.# #.#
..... #.#.# #.#
#.#
......#####.#.#
#.# #..
......w@....#.#
#.# ###
.......K#.###.#
#.# ##
###.###.#...#.#
#.# #. # #.##.##.#
#.# #.
...#..%.###.# #.
#..#.PP..##.# #.
#..~P~~~~.#.# ###.
#..~~P~~~~~P# #...
#.~P~7777~P.###.#.


You could see a ribbon worm (catching breath) and a kobold.

Vanquished Creatures
  A ribbon worm (D:2)
  7 bats
  4 endoplasms
  6 giant cockroaches (D:1)
  4 hobgoblins
  2 quokkas (D:2)
  8 ball pythons (D:1)
  4 frilled lizards
  5 goblins
  5 kobolds
  A rat (D:1)
47 creatures vanquished.

Notes
Turn   | Place    | Note
-------+----------+-------------------------------------------
     0 | D:1      | qw the Spriggan Hunter began the quest for the Orb.
     0 | D:1      | Reached XP level 1. HP: 10/10 MP: 2/2
     0 | D:1      | 0 ||| qw: Version: 0.3-a-160-g6735b56
     0 | D:1      | 0 ||| qw: Game counter: 4992
     0 | D:1      | 0 ||| qw: Melee chars always use a shield: true
     0 | D:1      | 0 ||| qw: God list: Okawaru
     0 | D:1      | 0 ||| qw: Allow faded altars: false
     0 | D:1      | 0 ||| qw: Do Orc after clearing Dungeon:15 true
     0 | D:1      | 0 ||| qw: Do second Lair branch before Depths: true
     0 | D:1      | 0 ||| qw: Lair rune preference: random
     0 | D:1      | 0 ||| qw: Goals: Normal
     0 | D:1      | 0 ||| PLANNING D:1-11
    10 | D:1      | Reached skill level 3 in Dodging
    35 | D:1      | Reached XP level 2. HP: 13/14 MP: 3/3
   158 | D:1      | 158 ||| RETREEEEATING.
   217 | D:1      | Reached XP level 3. HP: 18/18 MP: 4/4
   446 | D:1      | 446 ||| READING scroll labelled LAZA MOOCWAED.
   447 | D:1      | 447 ||| READING scroll labelled IMNIYJ LOMNAT.
   447 | D:1      | 447 ||| IDENTIFYING brown potion
   448 | D:1      | 448 ||| DROPPING scroll of butterflies.
   449 | D:1      | 449 ||| DROPPING potion of degeneration.
   641 | D:2      | 641 ||| FLEEEEING.
   642 | D:2      | 642 ||| FLEEEEING.
   643 | D:2      | 643 ||| FLEEEEING.
   644 | D:2      | 644 ||| FLEEEEING.
   743 | D:2      | HP: 3/18 [ribbon worm (2)]
   744 | D:2      | Slain by a kobold

Levels and vault maps discovered:
D:1:      ncdulo_watergridlock, layout_rooms, st_stairs_8, minmay_pentomino_u4
D:2:      layout_basic, serial_bayou_pond_c, chequers_garden, glass_columns_b

Skill      XL: |  1  2 |
---------------+-------+-----
Dodging        | 3 4 |  4.0
Fighting       | |  1.5
Ranged Weapons | |  4.9
Stealth        | |  1.5

Action                     || total
---------------------------++-------
   Fire: Shortbow          ||   114
    Use: Scroll            ||     2
 Armour: Robe              ||    15
  Dodge: Dodged            ||    64

Table legend:
 A = Non-vault XP
 B = Vault XP
 C = Vault XP percentage of total XP
 D = Non-vault monster count
 E = Vault monster count
 F = Vault count percentage of total count
                 A         B        C        D         E       F
            +---------+---------+-------+---------+---------+-------
      Total |      76 |       6 |   7.3 |      43 |       4 |   8.5
            +---------+---------+-------+---------+---------+-------
        D:1 |      50 |       6 |  10.7 |      30 |       4 |  11.8
        D:2 |      26 |       0 |   0.0 |      13 |       0 |   0.0
            +---------+---------+-------+---------+---------+-------
